3A
YORK REVOLUTION @ BELLEVILLE BULLS
05/11/2028
 
TOP OF THE 1ST
York Revolution batting - Pitching for Belleville Bulls : RHP Jesús Garces
Pitching: RHP Jesús Garces
Batting: RHB William Rimmer 0-0: Foul Ball, location: 2F
0-1: Ball
1-1: SINGLE (Groundball, 6MD)
Batting: RHB Billy Hess 0-0: Called Strike
William Rimmer steals 2nd base
0-1: Foul Ball, location: 2F
0-2: Foul Ball, location: 2F
0-2: Ball
1-2: Ball
2-2: Ball
3-2: Strikes out swinging
Batting: RHB Cisco Feijoo 0-0: Called Strike
0-1: Ball
1-1: Foul Ball, location: 2F
1-2: Foul Ball, location: 2F
1-2: Ground out 1-3 (Groundball, 13S)
William Rimmer to third
Batting: LHB Matt Ouweneel 0-0: Called Strike
0-1: Foul Ball, location: 2F
0-2: Ball
1-2: Foul Ball, location: 2F
1-2: Strikes out swinging
Top of the 1st over - 0 run(s), 1 hit(s), 0 error(s), 1 left on base; York 0 - Belleville 0
BOTTOM OF THE 1ST
Belleville Bulls batting - Pitching for York Revolution : RHP Vicente Durango
Pitching: RHP Vicente Durango
Batting: RHB Vicente Mena 0-0: Ball
1-0: Ball
2-0: Called Strike
2-1: Called Strike
2-2: Ground out 5-3 (Groundball, 56)
Batting: LHB José Gómez 0-0: Called Strike
0-1: Fly out, F6 (Popup, 56D)
Batting: RHB Eric Harvey 0-0: Called Strike
0-1: Ball
1-1: Fly out, F6 (Popup, 56)
Bottom of the 1st over - 0 run(s), 0 hit(s), 0 error(s), 0 left on base; York 0 - Belleville 0
TOP OF THE 2ND
York Revolution batting - Pitching for Belleville Bulls : RHP Jesús Garces
Batting: SHB Jeff Lowe 0-0: Ball
1-0: Ball
2-0: Called Strike
2-1: Foul Ball, location: 2F
2-2: Foul Ball, location: 2F
2-2: Strikes out swinging
Batting: LHB Joe Ellison 0-0: Swinging Strike
0-1: Called Strike
0-2: Strikes out swinging
Batting: RHB Kasper Schuilenberg 0-0: Ball
1-0: Ground out 3-1 (Groundball, 34S)
Top of the 2nd over - 0 run(s), 0 hit(s), 0 error(s), 0 left on base; York 0 - Belleville 0
BOTTOM OF THE 2ND
Belleville Bulls batting - Pitching for York Revolution : RHP Vicente Durango
Batting: RHB Mike Jennings 0-0: Ball
1-0: Foul Ball, location: 2F
1-1: Called Strike
1-2: Foul Ball, location: 2F
1-2: Ball
2-2: Foul Ball, location: 2F
2-2: Ball
3-2: Foul Ball, location: 2F
3-2: Strikes out swinging
Batting: LHB Walt Lathon 0-0: Swinging Strike
0-1: Ball
1-1: Foul Ball, location: 2F
1-2: Fly out, F7 (Flyball, 7S)
Batting: RHB Alejandro Serrato 0-0: Ball
1-0: Ground out 1-3 (Groundball, 13S)
Bottom of the 2nd over - 0 run(s), 0 hit(s), 0 error(s), 0 left on base; York 0 - Belleville 0
TOP OF THE 3RD
York Revolution batting - Pitching for Belleville Bulls : RHP Jesús Garces
Batting: RHB Shane Seim 0-0: SOLO HOME RUN (Flyball, 7D), Distance : 410 ft
Batting: RHB Louis Teague 0-0: Ball
1-0: Foul Ball, location: 2F
1-1: Foul Ball, location: 2F
1-2: Foul Ball, location: 2F
1-2: Strikes out swinging
Batting: RHB William Rimmer 0-0: Foul Ball, location: 2F
0-1: Swinging Strike
0-2: Strikes out swinging
Batting: RHB Billy Hess 0-0: Foul Ball, location: 2F
0-1: Foul Ball, location: 2F
0-2: Ground out 6-3 (Groundball, 6)
Top of the 3rd over - 1 run(s), 1 hit(s), 0 error(s), 0 left on base; York 1 - Belleville 0
BOTTOM OF THE 3RD
Belleville Bulls batting - Pitching for York Revolution : RHP Vicente Durango
Batting: LHB Tony Rodríguez 0-0: Called Strike
0-1: Ball
1-1: Swinging Strike
1-2: Ball
2-2: Ball
3-2: Base on Balls
Batting: RHB Dean Summers 0-0: Ball
1-0: Ball
2-0: Ball
3-0: Called Strike
3-1: Base on Balls
Tony Rodríguez to second
Batting: LHB Alan Shaw 0-0: Ball
1-0: Grounds into double play, 4-6-3 (Groundball, 4)
Tony Rodríguez to third
Batting: RHB Vicente Mena 0-0: Fly out, F8 (Flyball, 89M)
Bottom of the 3rd over - 0 run(s), 0 hit(s), 0 error(s), 1 left on base; York 1 - Belleville 0
TOP OF THE 4TH
York Revolution batting - Pitching for Belleville Bulls : RHP Jesús Garces
Batting: RHB Cisco Feijoo 0-0: Called Strike
0-1: Ball
1-1: Foul Ball, location: 2F
1-2: Strikes out looking
Batting: LHB Matt Ouweneel 0-0: Ball
1-0: Fly out, F9 (Flyball, 89D)
Batting: SHB Jeff Lowe 0-0: Fly out, F9 (Flyball, 9S)
Top of the 4th over - 0 run(s), 0 hit(s), 0 error(s), 0 left on base; York 1 - Belleville 0
BOTTOM OF THE 4TH
Belleville Bulls batting - Pitching for York Revolution : RHP Vicente Durango
Batting: LHB José Gómez 0-0: Ball
1-0: Swinging Strike
1-1: Foul Ball, location: 2F
1-2: Foul Ball, location: 2F
1-2: Ball
2-2: SINGLE (Line Drive, 8LS)
Batting: RHB Eric Harvey 0-0: Ball
1-0: Called Strike
1-1: Called Strike
1-2: Ball
2-2: Ball
3-2: Base on Balls
José Gómez to second
Batting: RHB Mike Jennings 0-0: Ball
1-0: Foul Ball, location: 2F
1-1: Ball
2-1: Fly out, F9 (Flyball, 9)
Batting: LHB Walt Lathon 0-0: Foul Ball, location: 2F
0-1: SINGLE (Groundball, 4S) (infield hit)
José Gómez to third
Eric Harvey to second
Batting: RHB Alejandro Serrato 0-0: Ground out 4-3 (Groundball, 4MS)
José Gómez scores
Eric Harvey to third
Walt Lathon to second
Batting: LHB Tony Rodríguez 0-0: Called Strike
0-1: Foul Ball, location: 2F
0-2: Ball
1-2: Ball
2-2: Strikes out swinging
Bottom of the 4th over - 1 run(s), 2 hit(s), 0 error(s), 2 left on base; York 1 - Belleville 1
TOP OF THE 5TH
York Revolution batting - Pitching for Belleville Bulls : RHP Jesús Garces
Batting: LHB Joe Ellison 0-0: Called Strike
0-1: Swinging Strike
0-2: Ball
1-2: Strikes out swinging
Batting: RHB Kasper Schuilenberg 0-0: Ball
1-0: Fly out, F7 (Flyball, 78M)
Batting: RHB Shane Seim 0-0: Bunted foul
0-1: Called Strike
0-2: Strikes out swinging
Top of the 5th over - 0 run(s), 0 hit(s), 0 error(s), 0 left on base; York 1 - Belleville 1
BOTTOM OF THE 5TH
Belleville Bulls batting - Pitching for York Revolution : RHP Vicente Durango
Batting: RHB Dean Summers 0-0: Called Strike
0-1: SINGLE (Line Drive, 56)
Batting: LHB Alan Shaw 0-0: Sac Bunt - play at second, runner OUT! 2-6
Batting: RHB Vicente Mena 0-0: Ball
1-0: Ball
2-0: DOUBLE (Groundball, 5L)
Alan Shaw to third
Batting: LHB José Gómez 0-0: Ball
1-0: Foul Ball, location: 2F
1-1: Called Strike
1-2: Fly out, F7 (Flyball, 7S)
Runner from 3rd tags up, SCORES, throw made
Batting: RHB Eric Harvey 0-0: Ball
Vicente Mena steals 3rd base
1-0: Ground out 5-3 (Groundball, 56)
Bottom of the 5th over - 1 run(s), 2 hit(s), 0 error(s), 1 left on base; York 1 - Belleville 2
TOP OF THE 6TH
York Revolution batting - Pitching for Belleville Bulls : RHP Jesús Garces
Batting: RHB Louis Teague 0-0: Called Strike
0-1: Ground out U3 (Groundball, 34)
Batting: RHB William Rimmer 0-0: Swinging Strike
0-1: Swinging Strike
0-2: Ground out 5-3 (Groundball, 5S)
Batting: RHB Billy Hess 0-0: Ball
1-0: Foul Ball, location: 2F
1-1: Foul Ball, location: 2F
1-2: Foul Ball, location: 2F
1-2: Strikes out looking
Top of the 6th over - 0 run(s), 0 hit(s), 0 error(s), 0 left on base; York 1 - Belleville 2
BOTTOM OF THE 6TH
Belleville Bulls batting - Pitching for York Revolution : RHP Vicente Durango
Batting: RHB Mike Jennings 0-0: Foul Ball, location: 2F
0-1: Foul Ball, location: 2F
0-2: Ball
1-2: Ball
2-2: Ball
3-2: Strikes out swinging
Batting: LHB Walt Lathon 0-0: Swinging Strike
0-1: Ball
1-1: Ball
2-1: Foul Ball, location: 2F
2-2: Ball
3-2: Base on Balls
Batting: RHB Alejandro Serrato 0-0: Ball
1-0: Called Strike
1-1: Ball
2-1: Fly out, F8 (Line Drive, 8LM)
Batting: LHB Tony Rodríguez 0-0: Ball
1-0: Fly out, F9 (Flyball, 89M)
Bottom of the 6th over - 0 run(s), 0 hit(s), 0 error(s), 1 left on base; York 1 - Belleville 2
TOP OF THE 7TH
York Revolution batting - Pitching for Belleville Bulls : RHP Jesús Garces
Batting: RHB Cisco Feijoo 0-0: Foul Ball, location: 2F
0-1: Foul Ball, location: 2F
0-2: Foul Ball, location: 2F
0-2: Foul Ball, location: 2F
0-2: Foul Ball, location: 2F
0-2: Strikes out swinging
Batting: LHB Matt Ouweneel 0-0: Ball
1-0: Called Strike
1-1: Foul Ball, location: 2F
1-2: Foul Ball, location: 2F
1-2: Foul Ball, location: 2F
1-2: Foul Ball, location: 2F
1-2: Ball
2-2: Strikes out looking
Batting: SHB Jeff Lowe 0-0: Called Strike
0-1: Ball
1-1: Called Strike
1-2: Strikes out looking
Top of the 7th over - 0 run(s), 0 hit(s), 0 error(s), 0 left on base; York 1 - Belleville 2
BOTTOM OF THE 7TH
Belleville Bulls batting - Pitching for York Revolution : RHP Vicente Durango
Batting: RHB Dean Summers 0-0: Ball
1-0: Called Strike
1-1: Foul Ball, location: 2F
1-2: SINGLE (Flyball, 8LS) - OUT at second base trying to stretch hit.
Batting: LHB Alan Shaw 0-0: Called Strike
0-1: Ball
1-1: Ball
2-1: Ball
3-1: Foul Ball, location: 2F
3-2: DOUBLE (Line Drive, 78S)
Pinch Hitting: LHB Carlos Cirilli 0-0: Called Strike
Alan Shaw steals 3rd base
0-1: Called Strike
0-2: Foul Ball, location: 2F
0-2: Strikes out looking
Batting: LHB José Gómez 0-0: Called Strike
0-1: Ball
1-1: Ball
2-1: Foul Ball, location: 2F
2-2: Ball
3-2: Strikes out swinging
Bottom of the 7th over - 0 run(s), 2 hit(s), 0 error(s), 1 left on base; York 1 - Belleville 2
TOP OF THE 8TH
York Revolution batting - Pitching for Belleville Bulls : RHP Jesús Garces
Now in RF: Carlos Cirilli
Batting: LHB Joe Ellison 0-0: Ball
1-0: Called Strike
1-1: Foul Ball, location: 2F
1-2: Strikes out swinging
Batting: RHB Kasper Schuilenberg 0-0: Ball
1-0: Foul Ball, location: 2F
1-1: Foul Ball, location: 2F
1-2: Ball
2-2: Strikes out swinging
Batting: RHB Shane Seim 0-0: Called Strike
0-1: Called Strike
0-2: Foul Ball, location: 2F
0-2: Fly out, F9 (Flyball, 9LSF)
Top of the 8th over - 0 run(s), 0 hit(s), 0 error(s), 0 left on base; York 1 - Belleville 2
BOTTOM OF THE 8TH
Belleville Bulls batting - Pitching for York Revolution : RHP Vicente Durango
Pitching: RHP Edward Ayers
Batting: RHB Eric Harvey 0-0: Ground out 6-3 (Groundball, 56)
Batting: RHB Mike Jennings 0-0: Ball
1-0: SINGLE (Groundball, 6MD)
Batting: LHB Walt Lathon 0-0: Swinging Strike
0-1: Called Strike
0-2: Ball
1-2: Strikes out swinging
Batting: RHB Alejandro Serrato 0-0: Ball
1-0: Ground out 5-3 (Groundball, 56S)
Bottom of the 8th over - 0 run(s), 1 hit(s), 0 error(s), 1 left on base; York 1 - Belleville 2
TOP OF THE 9TH
York Revolution batting - Pitching for Belleville Bulls : RHP Jesús Garces
Pitching: RHP Ray Goolsby
Pinch Hitting: RHB Ronald Comejo 0-0: Ball
1-0: Swinging Strike
1-1: Fly out, F6 (Popup, 56D)
Pinch Hitting: RHB Ángelo Díaz 0-0: Swinging Strike
0-1: Called Strike
0-2: SINGLE (Groundball, 6D)
Batting: RHB Billy Hess 0-0: Ball
1-0: Foul Ball, location: 2F
1-1: Swinging Strike
1-2: Fly out, F9 (Flyball, 9)
Batting: RHB Cisco Feijoo 0-0: Called Strike
0-1: Ball
1-1: DOUBLE (Line Drive, 8LD)
Ángelo Díaz to third
Runner from 3rd tries for Home, SAFE, throw made at trailing runner, SAFE at third!
Batting: LHB Matt Ouweneel 0-0: Foul Ball, location: 2F
0-1: Swinging Strike
0-2: Strikes out looking
Top of the 9th over - 1 run(s), 2 hit(s), 0 error(s), 1 left on base; York 2 - Belleville 2
BOTTOM OF THE 9TH
Belleville Bulls batting - Pitching for York Revolution : RHP Edward Ayers
Now at 2B: Jim Unknown
Now at SS: Ronald Comejo
Batting: LHB Tony Rodríguez 0-0: Ball
1-0: Called Strike
1-1: Foul Ball, location: 2F
1-2: Foul Ball, location: 2F
1-2: Ball
2-2: Foul Ball, location: 2F
2-2: SINGLE (Groundball, 6MD)
Batting: RHB Dean Summers 0-0: Ball
1-0: Ball
2-0: Sac Bunt - play at first, batter OUT! 1-3
Tony Rodríguez to second
Batting: LHB Alan Shaw 0-0: Called Strike
0-1: Ball
1-1: Ball
2-1: Foul Ball, location: 2F
2-2: Ball
3-2: Fly out, F8 (Flyball, 78M)
Batting: LHB Carlos Cirilli 0-0: Ball
1-0: SINGLE (Groundball, 5D)
Tony Rodríguez to third
Runner from 3rd tries for Home, SAFE, no throw
Monday, July 10th, 2017 - OOTP Baseball 17.12 Build 75